 Dungeon Crawl Stone Soup version 0.29.1 (webtiles) character file.

Game seed: 9821948798985787158

22363 Icepheonix32 the Impaler (level 12, -1/168 HPs)
             Began as a Minotaur Fighter on Sept 13, 2022.
             Was a Follower of Yredelemnul.
             Shot with an arrow by a centaur (7 damage)
             ... in a volcano on Sept 14, 2022.
             The game lasted 00:26:58 (11001 turns).

Icepheonix32 the Impaler (Minotaur Fighter)        Turns: 11001, Time: 00:26:59

Health: -1/168     AC: 17    Str: 30    XL:     12   Next: 62%
Magic:  16/16      EV: 11    Int:  5    God:    Yredelemnul [*.....]
Gold:   670        SH:  0    Dex: 12    Spells: 11/11 levels left

rFire   . . .      SeeInvis .   g - +9 scythe (vorpal)
rCold   . . .      Faith    +   (shield currently unavailable)
rNeg    . . .      Spirit   .   O - +0 chain mail
rPois   .          Reflect  .   (helmet restricted)
rElec   .          Harm     .   G - +0 cloak
rCorr   .          Rampage  .   (no gloves)
Will    .....                   (no boots)
Stlth   ..........              P - amulet of faith
HPRegen 0.38/turn               e - +4 ring of protection
MPRegen 0.15/turn               B - +6 ring of strength

@: berserking, very quick
A: horns 2, retaliatory headbutt
a: Renounce Religion, Recall Undead Harvest


You were in a volcano.
You worshipped Yredelemnul.
Yredelemnul was noncommittal.
You visited 3 branches of the dungeon, and saw 15 of its levels.
You also visited: Sewer, Ossuary and Volcano.

You collected 895 gold pieces.
You spent 225 gold pieces at shops.

Inventory:

Hand Weapons
 g - a +9 vorpal scythe (weapon)
 l - a +5 whip of draining
Missiles
 f - 2 throwing nets
 k - 11 boomerangs (quivered)
 r - 2 curare-tipped darts
 s - 4 atropa-tipped darts
 A - 12 javelins
Armour
 b - a +1 scale mail
 G - a +0 cloak (worn)
 O - a +0 chain mail (worn)
Jewellery
 e - a +4 ring of protection (left hand)
 B - a +6 ring of strength (right hand)
 E - an amulet of regeneration
 F - a ring of flight
 P - an amulet of faith (around neck)
Wands
 a - a wand of quicksilver (7)
 z - a wand of paralysis (2)
 H - a wand of iceblast (8)
 I - a wand of polymorph (5)
 L - a wand of digging (3)
 Q - a wand of flame (8)
Scrolls
 m - 3 scrolls of identify
 p - 2 scrolls of silence
 w - 3 scrolls of enchant armour
 x - 2 scrolls of butterflies
 y - 4 scrolls of fear
 J - 6 scrolls of teleportation
 M - 3 scrolls of immolation
 R - a scroll of vulnerability
 S - a scroll of magic mapping
 T - a scroll of amnesia
Potions
 c - a potion of mutation {unknown}
 d - 4 potions of might
 h - a potion of invisibility
 j - 7 potions of curing
 n - 5 potions of lignification
 o - 3 potions of flight
 q - a potion of magic
 t - 3 potions of heal wounds
 u - a potion of cancellation
 v - a potion of haste
 C - 2 potions of berserk rage
 N - a potion of attraction


   Skills:
 + Level 11.8 Fighting
 - Level 2.7(13.1) Axes
 - Level 3.2(3.7) Maces & Flails
 + Level 19.2(19.3) Polearms
 + Level 1.9 Throwing
 + Level 10.6 Armour
 + Level 6.1 Dodging
 + Level 3.1 Stealth
 + Level 5.1 Shields
 * Level 7.1 Invocations


You had 11 spell levels left.
You didn't know any spells.
Your spell library contained the following spells:

 Spells                   Type           Power      Damage    Failure   Level
 Apportation              Tloc           0%         N/A       90%         1
 Beastly Appendage        Tmut           0%         N/A       90%         1
 Necrotise                Necr           0%         1d4       90%         1
 Sandblast                Erth           0%         2d4       90%         1
 Summon Small Mammal      Summ           0%         N/A       90%         1
 Blink                    Tloc           0%         N/A       97%         2
 Passwall                 Tmut/Erth      0%         N/A       97%         2
 Static Discharge         Conj/Air       0%         3-3/arc   97%         2
 Sublimation of Blood     Necr           0%         N/A       97%         2
 Wereblood                Tmut           0%         N/A       97%         2
 Confusing Touch          Hex            0%         N/A       99%         3
 Lesser Beckoning         Tloc           0%         N/A       99%         3
 Spider Form              Tmut/Pois      0%         N/A       99%         3
 Stone Arrow              Conj/Erth      0%         3d7       99%         3
 Tukima's Dance           Hex            0%         N/A       99%         3
 Animate Armour           Summ/Erth      0%         N/A       100%        4
 Dispel Undead            Necr           0%         3d6       100%        4
 Passage of Golubria      Tloc           0%         N/A       100%        4
 Petrify                  Tmut/Erth      0%         N/A       100%        4
 Sticky Flame             Conj/Fire      0%         2d3       100%        4
 Summon Ice Beast         Ice/Summ       0%         N/A       100%        4
 Alistair's Intoxication  Tmut/Pois      0%         N/A       100%        5
 Blade Hands              Tmut           0%         N/A       100%        5
 Irradiate                Conj/Tmut      0%         3d11      100%        5
 Manifold Assault         Tloc           0%         N/A       100%        5
 Metabolic Englaciation   Hex/Ice        0%         N/A       100%        5
 Summon Mana Viper        Hex/Summ       0%         N/A       100%        5
 Yara's Violent Unravell  Hex/Tmut       0%         3d3       100%        5
 Iron Shot                Conj/Erth      0%         9d1       100%        6
 Statue Form              Tmut/Erth      0%         N/A       100%        6
 Enfeeble                 Hex            0%         N/A       100%        7
 Monstrous Menagerie      Summ           0%         N/A       100%        7


Dungeon Overview and Level Annotations

Branches:
Dungeon (12/15)            Temple (1/1) D:5            Lair (2/5) D:11
  Snake (0/4) Lair:2          Orc (0/2) D:9           Sewer (visited)
Ossuary (visited)         Volcano (1/1)
  Swamp: Lair:2-3    Shoals: Lair:2-3

Altars:
Ashenzari
Cheibriados
Dithmenos
Elyvilon
Fedhas
Gozag
Hepliaklqana
Kikubaaqudgha
Makhleb
Nemelex Xobeh
Okawaru
Qazlal
Ru
Sif Muna
Trog
Uskayaw
Vehumet
Wu Jian
Xom
Yredelemnul
Zin
The Shining One

Shops:
D:6 [??(   D:8 (

Annotations:
D:6 1 runed translucent door, QueenGhuleh's ghost, novice MiBe
Temple 2 transporters


Innate Abilities, Weirdness & Mutations

You have a pair of horns on your head.
You reflexively headbutt those who attack you in melee.


Message History

Unknown command.
You impale the centaur!!
You kill the centaur!
The centaur shoots an arrow.
The arrow hits you but does no damage. The red draconian breathes fire at you.
The searing blast hits you!!
* * * LOW HITPOINT WARNING * * *
The centaur shoots an arrow.
The arrow hits you but does no damage.
Your Stealth skill increases to level 3!
A red film seems to cover your vision as you go berserk!
You feel yourself moving faster!
You feel mighty!
Reach: g) +9 scythe (vorpal)
Press: ? - help, Dir - move target, f - red draconian
Aim: a red draconian, wielding a +1 broad axe of flaming and wearing a +1 cloak (catching its breath, ally target, about 26% to evade your +9 vorpal scythe)
The centaur is in the way.
You impale the centaur!!
You kill the centaur!
The dead are walking!
The centaur shoots an arrow.
The arrow closely misses you.
Reach: g) +9 scythe (vorpal)
Press: ? - help, Dir - move target, f/p - red draconian
Aim: a red draconian, wielding a +1 broad axe of flaming and wearing a +1 cloak (catching its breath, ally target, about 26% to evade your +9 vorpal scythe)
You reach to attack!
You impale the red draconian!!
The red draconian is moderately wounded.
Unknown command.
Reach: g) +9 scythe (vorpal)
Press: ? - help, Dir - move target, f/p - red draconian
Aim: a red draconian, wielding a +1 broad axe of flaming and wearing a +1 cloak (moderately wounded, catching its breath, ally target, about 26% to evade your +9 vorpal scythe)
Okay, then.
You perforate the red draconian like a sieve!!!
Your headbutt misses the red draconian.
The red draconian is severely wounded.
Your centaur zombie hits the centaur but does no damage.
Your centaur zombie kicks the centaur but does no damage.
You slice the red draconian!!
You kill the red draconian!
The centaur shoots an arrow.
The arrow hits you!
* * * LOW HITPOINT WARNING * * *
The arrow burns you!
You die...
Your body rises from the dead as a mindless zombie.

#######≈≈§ ≈#
#$$$$!###§§§
#.$.$.#.##§
+.$.!.'..#
+.._..'..## ≈
#.....#...#≈§≈
#######...#≈§≈
+...)@)c..#§§≈
#..≈).#.Z.#§§§
#8☼≈≈8#...#§§≈
+..≈.Z+..##
+.....+..# ≈
#8...8#.##≈ ≈
≈≈###.....###§≈§§
≈§§§§.....≈§≈≈≈≈#
§§≈≈8...8§§≈≈≈§#


You could see a centaur (ally target), a friendly centaur zombie and a friendly
centaur warrior zombie.

Vanquished Creatures
  A red draconian (Volcano)
  2 hydras
  3 boulder beetles
  2 centaur warriors
  3 two-headed ogres
  Urug (D:10)
  Pikel (D:6)
  A necromancer (D:9)
  A deep elf pyromancer (D:7)
  A cyclops (D:11)
  Joseph (D:9)
  Maggie (D:6)
  2 cane toads (Lair:1)
  2 komodo dragons (D:10)
  2 trolls (D:11)
  Sigmund (D:3)
  A shadow (D:10)
  3 wyverns
  A basilisk (D:8)
  19 yaks
  A wraith (D:9)
  A steam dragon (D:10)
  A vampire mosquito (D:11)
  Edmund (D:5)
  3 acid dragons (D:11)
  6 water moccasins
  2 ice beasts
  2 orc warriors (D:9)
  2 sky beasts
  7 centaurs
  An ogre (D:5)
  3 wolves (D:11)
  3 kobold brigands
  8 bullfrogs
  2 gnoll sergeants
  13 wights
  11 killer bees
  9 electric eels
  3 centaur zombies (Ossuary)
  2 jellies
  5 orc priests
  10 hounds
  Crazy Yiuf (D:7)
  Jessica (D:3)
  2 iguanas
  10 orc wizards
  A polar bear simulacrum (D:9)
  A yak simulacrum (D:9)
  5 wolf simulacra (D:9)
  6 mummies (Ossuary)
  8 gnolls
  10 adders
  A river rat (Sewer)
  A shadow imp (D:5)
  A white imp (D:5)
  2 worms (D:2)
  39 orcs
  7 endoplasms
  5 giant cockroaches
  2 hobgoblins
  8 jackals
  5 quokkas
  5 ball pythons
  A bat (D:3)
  6 frilled lizards
  8 goblins
  3 hobgoblin zombies (Ossuary)
  20 kobolds
  10 rats
  3 river rat simulacra (D:9)
317 creatures vanquished.

Vanquished Creatures (collateral kills)
  An unseen horror (D:11)
  A troll (D:11)
  4 yaks
  An acid dragon (D:11)
  4 centaurs (D:11)
  A bullfrog (D:7)
  A killer bee (D:9)
  5 electric eels
  A hound (D:11)
  A gnoll (D:11)
  5 orcs
  A kobold (D:7)
  A river rat simulacrum (D:9)
27 creatures vanquished.

Vanquished Creatures (others)
  A two-headed ogre zombie (D:9)
  A vampire mosquito zombie (D:11)
  A wyvern zombie (D:11)
  A water moccasin zombie (Lair:2)
  5 yak zombies
  2 wolf zombies (D:11)
  A bullfrog zombie (D:9)
  3 centaur zombies (D:11)
  A human zombie (D:9)
  4 killer bee zombies (D:9)
  5 hound zombies
  2 spectral electric eels
  An orc (D:10)
  2 gnoll zombies
  15 orc zombies
  A rat zombie (Sewer)
  7 fungi
  8 plants
61 creatures vanquished.

Grand Total: 405 creatures vanquished

Notes
Turn   | Place    | Note
-------+----------+-------------------------------------------
     0 | D:1      | Icepheonix32 the Minotaur Fighter began the quest for the
                  | Orb.
     0 | D:1      | Reached XP level 1. HP: 19/19 MP: 0/0
    34 | D:1      | Reached XP level 2. HP: 27/27 MP: 1/1
   710 | D:2      | Reached XP level 3. HP: 33/33 MP: 2/2
   735 | D:2      | Found a faded altar of an unknown god.
   890 | D:2      | You fall into a shaft and drop 2 floors!
   904 | D:4      | Noticed a centaur
   916 | D:4      | Killed a centaur
   917 | D:4      | Reached skill level 5 in Fighting
   917 | D:4      | Reached skill level 1 in Maces & Flails
   917 | D:4      | Reached XP level 4. HP: 12/42 MP: 3/3
   917 | D:4      | Reached XP level 5. HP: 14/48 MP: 4/4
  1150 | D:3      | Noticed Jessica
  1157 | D:3      | Killed Jessica
  1158 | D:3      | Reached skill level 1 in Throwing
  1629 | D:2      | Reached skill level 1 in Dodging
  1639 | D:2      | Reached skill level 5 in Shields
  1639 | D:2      | Reached XP level 6. HP: 29/56 MP: 5/5
  2297 | D:3      | Noticed Sigmund
  2303 | D:3      | Killed Sigmund
  2304 | D:3      | Reached skill level 5 in Armour
  2717 | D:4      | Found a broken altar of Ashenzari.
  2782 | D:4      | Found a shimmering blue altar of Sif Muna.
  3132 | D:5      | Entered Level 5 of the Dungeon
  3134 | D:5      | Identified a scroll of acquirement
  3137 | D:5      | Acquired a manual of Polearms
  3151 | D:5      | Reached skill level 2 in Polearms
  3151 | D:5      | Reached XP level 7. HP: 43/62 MP: 6/6
  3448 | D:5      | Reached skill level 3 in Polearms
  3531 | D:5      | Found a sand-covered staircase.
  3536 | Ossuary  | Entered an ossuary
  3543 | Ossuary  | Reached skill level 4 in Polearms
  3596 | Ossuary  | Reached skill level 5 in Polearms
  3718 | D:5      | Noticed Edmund
  3725 | D:5      | Reached skill level 6 in Polearms
  3731 | D:5      | Killed Edmund
  3732 | D:5      | Reached skill level 7 in Polearms
  3826 | D:5      | Reached skill level 8 in Polearms
  3826 | D:5      | Reached XP level 8. HP: 70/70 MP: 7/7
  3900 | D:5      | Reached skill level 9 in Polearms
  3934 | D:5      | Found a staircase to the Ecumenical Temple.
  3940 | Temple   | Entered the Ecumenical Temple
  3940 | Temple   | Found a transporter.
  3940 | Temple   | Found a transporter.
  3942 | Temple   | Found a transporter.
  3942 | Temple   | Found a transporter.
  3981 | Temple   | Became a worshipper of Yredelemnul the Dark
  4091 | D:5      | Found an iron altar of Okawaru.
  4240 | D:6      | Reached * piety under Yredelemnul
  4272 | D:6      | Found a glowing drain.
  4286 | D:6      | Found a runed translucent door.
  4289 | D:6      | Found a shimmering altar of Xom.
  4289 | D:6      | Noticed QueenGhuleh's ghost (novice MiBe)
  4289 | D:6      | Noticed a +1 short sword of chaos
  4307 | D:6      | Reached ** piety under Yredelemnul
  4308 | D:6      | Reached skill level 10 in Polearms
  4323 | Sewer    | Entered a sewer
  4471 | Sewer    | Found a white marble altar of Elyvilon.
  4561 | D:6      | Noticed Maggie
  4569 | D:6      | Killed Maggie
  4570 | D:6      | Reached skill level 12 in Polearms
  4658 | D:6      | Noticed Pikel
  4665 | D:6      | Killed Pikel
  4666 | D:6      | Reached skill level 13 in Polearms
  4666 | D:6      | Reached XP level 9. HP: 75/78 MP: 8/8
  4670 | D:6      | Reached skill level 14 in Polearms
  4835 | D:6      | Found Selari's Antique Weapon Shoppe.
  4841 | D:6      | Reached skill level 1 in Stealth
  4844 | D:6      | Found Itheup's Magic Scroll Boutique.
  4844 | D:6      | Found Cihep's Magic Scroll Emporium.
  4846 | D:6      | Found Uppicih's Armour Shop.
  4865 | D:6      | Bought a scroll of blinking for 75 gold pieces
  4870 | D:6      | Bought a scroll of enchant weapon for 75 gold pieces
  4870 | D:6      | Bought a scroll of enchant armour for 75 gold pieces
  5140 | D:6      | Reached skill level 15 in Polearms
  5142 | D:6      | Found a hazy altar of Hepliaklqana.
  5495 | D:7      | Reached skill level 16 in Polearms
  5497 | D:7      | Found a burning altar of Makhleb.
  5497 | D:7      | Found a sacrificial altar of Ru.
  5503 | D:7      | Found a hide-covered altar of Uskayaw.
  5506 | D:7      | Found a blossoming altar of Fedhas.
  5511 | D:7      | Found a white marble altar of Elyvilon.
  5514 | D:7      | Found an ancient bone altar of Kikubaaqudgha.
  5912 | D:7      | Found a runed translucent door.
  5913 | D:7      | Noticed Crazy Yiuf
  5953 | D:7      | Noticed a deep elf pyromancer
  5968 | D:7      | Killed a deep elf pyromancer
  5969 | D:7      | Reached skill level 1 in Invocations
  6021 | D:7      | Reached XP level 10. HP: 77/86 MP: 9/9
  6192 | D:7      | Killed Crazy Yiuf
  6339 | D:8      | Reached skill level 17 in Polearms
  6354 | D:8      | Reached *** piety under Yredelemnul
  6363 | D:8      | Reached **** piety under Yredelemnul
  6595 | D:8      | Found Gyd Ceik's Antique Weapon Shop.
  7317 | D:9      | Found a staircase to the Orcish Mines.
  7352 | D:9      | Noticed Joseph
  7352 | D:9      | Noticed a two-headed ogre
  7360 | D:9      | Killed Joseph
  7365 | D:9      | Killed a two-headed ogre
  7578 | D:9      | Your ally Joseph died
  7585 | D:9      | Reached XP level 11. HP: 80/95 MP: 12/12
  7596 | D:9      | Reached skill level 18 in Polearms
  7605 | D:9      | Reached ***** piety under Yredelemnul
  7810 | D:9      | Found a glowing silver altar of Zin.
  7810 | D:9      | Noticed an angel
  7965 | D:9      | Noticed a necromancer
  7970 | D:9      | Killed a necromancer
  7991 | D:9      | Reached ****** piety under Yredelemnul
  8265 | D:10     | Entered Level 10 of the Dungeon
  8265 | D:10     | Noticed a two-headed ogre
  8647 | D:10     | Noticed Urug
  8651 | D:10     | Killed Urug
  8667 | D:10     | Noticed a two-headed ogre
  8677 | D:10     | Killed a two-headed ogre
  8683 | D:10     | Reached skill level 5 in Invocations
  8821 | D:10     | Killed a two-headed ogre
  9228 | D:11     | Reached skill level 5 in Dodging
  9232 | D:11     | Reached skill level 10 in Fighting
  9291 | D:11     | Noticed a centaur warrior
  9294 | D:11     | Noticed a boulder beetle
  9303 | D:11     | Killed a centaur warrior
  9309 | D:11     | Killed a boulder beetle
  9313 | D:11     | Reached XP level 12. HP: 26/107 MP: 11/15
  9370 | D:11     | Reached skill level 10 in Armour
  9419 | D:11     | Noticed a seven-headed hydra
  9435 | D:11     | Killed a 13-headed hydra
  9515 | D:11     | Found a staircase to the Lair.
  9542 | D:11     | Reached skill level 19 in Polearms
  9988 | D:12     | Noticed a boulder beetle
 10003 | D:11     | Killed a boulder beetle
 10038 | Lair:1   | Entered Level 1 of the Lair of Beasts
 10823 | Lair:2   | Noticed a four-headed hydra
 10830 | Lair:2   | Noticed a boulder beetle
 10831 | Lair:2   | Killed a four-headed hydra
 10842 | Lair:2   | Killed a boulder beetle
 10878 | Lair:2   | Found a dark tunnel.
 10892 | Volcano  | Entered a volcano
 10965 | Volcano  | Noticed a centaur warrior
 10969 | Volcano  | Found a bloodstained altar of Trog.
 10970 | Volcano  | Noticed a red draconian
 10974 | Volcano  | Killed a centaur warrior
 11001 | Volcano  | Killed a red draconian
 11001 | Volcano  | HP: 6/168 [centaur/arrow (13)]
 11001 | Volcano  | Shot with an arrow by a centaur

Illustrated notes

Levels and vault maps discovered:
D:1:      saegor_arrival_simple_b, layout_basic, serial_bayou_pond_a
D:2:      cheibrodos_pilgrimage, layout_basic, shapermc_ecumenical_altar_venn,
          chequers_serial_rivers_room_b, hangedman_decor_clover_reticule,
          st_stairs_13, grunt_decor_mini_mirrors
D:3:      layout_rooms, uniq_jessica, uniq_sigmund
D:4:      layout_cave_pools, mainiacjoe_overflow_catwalk,
          cheibrodos_ashenzari_chains
D:5:      layout_gridville, old_standard_altar,
          minmay_temple_entry_enclosed_plants, enter_ossuary_5, uniq_edmund
D:6:      layout_gridville, kennysheep_little_box, gup_sewer_entry_glass,
          ebering_ghost_xom, nicolae_wooded_promenade, dreamdust_wishing_well,
          uniq_pikel, uniq_maggie
D:7:      layout_basic, nicolae_overflow_hallway_of_the_gods,
          uniq_crazy_yiuf_cottage
D:8:      wander_river, layout_basic, serial_shops, shop, disabler_island
D:9:      layout_basic, zin_angel, hiddenorc1_lemuel, serial_rivers,
          chequers_serial_rivers_micro_b, chequers_serial_rivers_small_b,
          chequers_serial_rivers_small_3, chequers_serial_rivers_micro_a,
          chequers_serial_rivers_micro_c, chequers_serial_rivers_room_a,
          eino_house_with_fridge, uniq_joseph
D:10:     layout_basic, serial_co_window_serial, co_window_paths_b,
          co_window_of_opportunity_a, co_window_of_opportunity_a,
          co_window_paths_a, co_window_paths_a, co_window_paths_a,
          co_window_of_opportunity_a, co_window_cross_1,
          co_window_of_opportunity_a, co_window_corner_ca, co_window_broadway_b,
          co_window_2corner, glass_columns_a, uniq_urug
D:11:     layout_rooms, erik_lair_island, minmay_quadrilaterals
D:12:     nzn_winding_woodlands_three_and_one [nzn_winding_woodlands_5x15_eye,
          nzn_winding_woodlands_5x15_garden, nzn_winding_woodlands_5x15_default,
          nzn_winding_woodlands_center_triple_pond], layout_irregular_city,
          serial_shops, nicolae_lakefront_shop
Temple:   hellmonk_temple_divided_pantheon
Lair:1:   layout_regular_city
Lair:2:   layout_hall_layers, minmay_snake_entry_guardpost_small,
          enter_volcano_1
Volcano:  kennysheep_volcano_temple

Skill      XL: |  1  2  3  4  5  6  7  8  9 10 11 12 |
---------------+-------------------------------------+-----
Fighting       | 4 5 6 7 8 10 11 | 11.8
Shields        | 4 5 |  5.1
Armour         | 4 5 6 7 8 9 10 | 10.6
Maces & Flails | 1 2 3 |  3.2
Throwing       | 1 |  1.9
Dodging        | 1 2 3 4 5 6 |  6.1
Polearms       | 2 8 13 16 17 18 19 | 19.2
Stealth        | 1 2 3 |  3.1
Invocations    | 1 3 6 7 |  7.1
Axes           | |  2.7

Action                   |  1- 3 |  4- 6 |  7- 9 | 10-12 || total
-------------------------+-------+-------+-------+-------++-------
Melee: War axe           |    30 |       |       |       ||    30
       Headbutt          |     9 |    13 |    16 |    46 ||    84
       Whip              |    28 |    54 |       |     4 ||    86
       Halberd           |       |    25 |   197 |   374 ||   596
Throw: Boomerang         |    11 |       |     1 |     4 ||    16
       Dart              |       |       |       |     2 ||     2
Invok: Dark Bargain      |       |       |     2 |     3 ||     5
       Recall Undead Har |       |       |       |     1 ||     1
Evoke: Wand              |       |       |       |     2 ||     2
  Use: Scroll            |       |    13 |     8 |     6 ||    27
       Potion            |       |       |     2 |     2 ||     4
 Stab: Distracted        |       |       |       |     4 ||     4
Armor: Scale mail        |    38 |    36 |    58 |   141 ||   273
       Chain mail        |       |       |       |    14 ||    14
Dodge: Dodged            |    44 |    39 |    74 |   114 ||   271
Block: Buckler           |    20 |    10 |       |       ||    30
